 Dungeon Crawl Stone Soup version 0.28.0 (webtiles) character file.

Game seed: 12656716660717153947

68 anynax the Stinger (level 4, -1/21 HPs)
             Began as a Spriggan Venom Mage on Mar 9, 2022.
             Succumbed to an orc's poison
             ... on level 2 of the Dungeon.
             The game lasted 00:18:05 (2557 turns).

anynax the Stinger (Spriggan Venom Mage)            Turns: 2557, Time: 00:18:06

Health: -1/21      AC:  2    Str:  4    XL:     4   Next: 1%
Magic:  3/10       EV: 17    Int: 18    God:
Gold:   25         SH:  0    Dex: 15    Spells: 4/10 levels left

rFire   . . .      SeeInvis +   c - +0 hand axe (vamp)
rCold   + . .      Faith    .   (no shield)
rNeg    . . .      Spirit   .   a - +0 robe
rPois   .          Reflect  .   (helmet restricted)
rElec   .          Harm     .   (no cloak)
rCorr   .          Rampage  .   (gloves unavailable)
Will    .....                   (boots unavailable)
Stlth   ++........              (no amulet)
HPRegen 0.07/turn               e - ring of protection from cold
MPRegen 0.12/turn               (no ring)

@: lethally poisoned (-1 -> -10), studying Long Blades, very quick
A: very small, no large weapons, unfitting armour, see invisible, speed 3
a: no special abilities


You were on level 2 of the Dungeon.
You visited 1 branch of the dungeon, and saw 3 of its levels.

You collected 25 gold pieces.

Inventory:

Hand Weapons
 c - a +0 vampiric hand axe (weapon)
Armour
 a - a +0 robe (worn)
Jewellery
 e - a ring of protection from cold (left hand)
Scrolls
 b - a scroll of blinking
 f - a scroll of amnesia {unknown}
 g - a scroll of brand weapon {unknown}
 h - a scroll of teleportation {unknown}
 i - 2 scrolls of noise {unknown}
 k - a scroll of acquirement {unknown}
 l - a scroll of fear {unknown}
Potions
 j - a potion of curing


   Skills:
 + Level 0.1 Fighting
 + Level 0.2 Axes
 + Level 3.0 Dodging
 + Level 3.1 Stealth
 + Level 3.6 Spellcasting
 + Level 2.7 Transmutations
 + Level 3.7 Poison Magic


You had 4 spell levels left.
You knew the following spells:

 Your Spells              Type           Power      Damage    Failure   Level
a - Sting                 Tmut/Pois      56%        1d5       4%          1
b - Sublimation of Blood  Necr           3%         N/A       24%         2
c - Ignite Poison         Fire/Tmut/Pois 10%        N/A       19%         3

Your spell library contained the following spells:

 Spells                   Type           Power      Damage    Failure   Level
 Poisonous Vapours        Pois/Air       18%        N/A       11%         2
 Mephitic Cloud           Conj/Pois/Air  7%         N/A       28%         3
 Olgreb's Toxic Radiance  Pois           16%        N/A       32%         4
 Gell's Gravitas          Tloc           3%         N/A       43%         3
 Teleport Other           Tloc           3%         N/A       43%         3
 Petrify                  Tmut/Erth      8%         N/A       65%         4
 Irradiate                Conj/Tmut      4%         3d15      94%         5
 Freezing Cloud           Conj/Ice/Air   1%         6-21      99%         5
 Dispersal                Tloc           1%         N/A       100%        6


Dungeon Overview and Level Annotations

Branches:
Dungeon (3/15)

Altars:

Shops:
D:1 *


Innate Abilities, Weirdness & Mutations

You are very small and have problems with some larger weapons.
You are too small for most types of armour.
You have supernaturally acute eyesight. (SInv)
You cover ground extremely quickly. (Speed+++)


Message History

The spell is potentially lethal to miscast (19% risk of failure)!
Continue anyway?
You ignite the poison in your surroundings!
The orc seems to burn from within!
You kill the orc!
You have reached level 4!
Casting: Ignite Poison (extremely dangerous; 19% risk of failure)
Confirm with . or Enter, or press ? or * to list all spells.
Aiming: Sting (safe; 4% risk of failure)
Press: ? - help, Shift-Dir - straight line, f - kobold
Aim: a kobold, wielding a +0 whip (64% to hit)
The sting misses the kobold.
A hobgoblin comes into view.
You see here a rat corpse.
There is a stone staircase leading up here.
Casting: Sting (safe; 4% risk of failure)
Confirm with . or Enter, or press ? or * to list all spells.
Aiming: Sting (safe; 4% risk of failure)
Press: ? - help, Shift-Dir - straight line, f/p - kobold
Aim: a kobold, wielding a +0 whip (64% to hit)
The sting misses the kobold.
The kobold hits you with a +0 club. The kobold hits you but does no damage.
You climb upwards.
There is a stone staircase leading down here.
The kobold closely misses you. The kobold misses you.
You climb downwards.
The orc misses you. The orc barely misses you.
The orc hits you but does no damage.
The orc hits you with a +1 mace of venom.
You are lethally poisoned!
There is a stone staircase leading up, spattered with blood here.
You feel very sick. The kobold misses you.
The orc wizard casts a spell.
The orc wizard flickers and vanishes for a moment.
The kobold hits you with a +0 whip.
* * * LOW HITPOINT WARNING * * *
The orc hits you with a +0 whip.
* * * LOW HITPOINT WARNING * * *
The orc misses you.
You climb upwards.
You die...

###.##..###......# #.#
#<..#..##.###.## #.#
#.#.....#.# #.####### #.#
########.#.....#.###...[...#
#.#
.........#...(.#.....#####.#
#.# ##########......####.#
#.# #.# .....# #.#.#..# #.#
#.# #.# .....# #.#.##o####.#
#.# #.#
.#########.#.#.o@K.#.# #.#
#.## ........##.#.#K#####.#
#.# #... .######.##.#.#>#
#)# #.###### .# #....#.#.#
#.# #....... .# ######.#.#
#.# ########
(###########.#.# #.#
.............#.# #.#
##############.# #.#
............<..# #.#


You could see 2 orcs and 2 kobolds.

Vanquished Creatures
  An adder (D:2)
  A dart slug (D:1)
  An orc (D:3)
  6 endoplasms
  2 giant cockroaches
  5 goblins (D:2)
  6 hobgoblins
  A jackal (D:1)
  8 kobolds
  A quokka (D:1)
  7 ball pythons
  4 bats
  6 rats
49 creatures vanquished.

Vanquished Creatures (others)
  5 demonic plants (D:2)
  7 fungi (D:2)
  2 plants (D:2)
  6 withered plants (D:2)
20 creatures vanquished.

Grand Total: 69 creatures vanquished

Notes
Turn   | Place    | Note
-------+----------+-------------------------------------------
     0 | D:1      | anynax the Spriggan Venom Mage began the quest for the Orb.
     0 | D:1      | Reached XP level 1. HP: 9/9 MP: 5/5
   292 | D:1      | Reached XP level 2. HP: 11/13 MP: 0/7
   421 | D:1      | Found Noyq's General Store.
   701 | D:1      | Learned a level 2 spell: Sublimation of Blood
   938 | D:1      | Reached XP level 3. HP: 16/16 MP: 4/8
  1350 | D:2      | Learned a level 3 spell: Ignite Poison
  1491 | D:2      | Found a faded altar of an unknown god.
  2548 | D:3      | Reached XP level 4. HP: 21/21 MP: 4/10
  2557 | D:2      | Succumbed to an orc's poison

Illustrated notes

Levels and vault maps discovered:
D:1:      amcnicky_arrival_underground_garden, layout_basic, serial_shops,
          nicolae_shop_trees, minmay_split_cup_large
D:2:      layout_basic, shapermc_ecumenical_altar_gd, minmay_pentomino_u2
D:3:      cheibrodos_old_hovel, layout_basic, mainiacjoe_overflow_boulevard,
          roderic_roman_lattice, minmay_gold_behind_fungi

Skill      XL: |  1  2  3 |
---------------+----------+-----
Spellcasting   | 3 |  3.6
Dodging        | 3 |  3.0
Transmutations | 2 |  2.7
Fighting       | |  0.1
Axes           | |  0.2
Stealth        | |  3.1
Poison Magic   | |  3.7

Action                   |  1- 3 |  4- 6 || total
-------------------------+-------+-------++-------
Melee: Hand axe          |    27 |       ||    27
 Cast: Sting             |    83 |     2 ||    85
       Ignite Poison     |     6 |       ||     6
  Use: Scroll            |     2 |       ||     2
Armor: Robe              |     5 |     2 ||     7
Dodge: Dodged            |    39 |     6 ||    45
